 Dungeon Crawl Stone Soup version 0.28.0-1-gb440e238dd (webtiles) character file.

Game seed: 8739061032309446759

91 RascalDebosk the Conjurer (level 4, -9/32 HPs)
             Began as a Human Conjurer on Feb 27, 2022.
             Mangled by a worm (10 damage)
             ... on level 3 of the Dungeon.
             The game lasted 00:32:17 (3283 turns).

RascalDebosk the Conjurer (Human Conjurer)          Turns: 3283, Time: 00:32:18

Health: -9/32      AC:  2    Str:  7    XL:     4   Next: 88%
Magic:  1/7        EV: 12    Int: 20    God:
Gold:   56         SH:  0    Dex: 12    Spells: 1/7 levels left

rFire   . . .      SeeInvis .   h - staff of conjuration
rCold   . . .      Faith    .   (no shield)
rNeg    . . .      Spirit   .   a - +0 robe
rPois   .          Reflect  .   (no helmet)
rElec   .          Harm     .   (no cloak)
rCorr   .          Rampage  .   (no gloves)
Will    .....                   (no boots)
Stlth   ++........              (no amulet)
HPRegen 0.10/turn               (no ring)
MPRegen 0.10/turn               (no ring)

@: no status effects
A: no striking features
a: no special abilities


You were on level 3 of the Dungeon.
You visited 1 branch of the dungeon, and saw 3 of its levels.

You collected 133 gold pieces.
You spent 77 gold pieces at shops.

Inventory:

Hand Weapons
 c - a +0 club
 f - a +0 short sword
Missiles
 n - a throwing net
Armour
 a - a +0 robe (worn)
Magical Staves
 h - a staff of conjuration (weapon)
 p - a staff of fire
Scrolls
 b - 2 scrolls of enchant armour {unknown}
 d - a scroll of brand weapon {unknown}
 e - a scroll of magic mapping {unknown}
 g - 4 scrolls of identify {unknown}
 l - a scroll of noise {unknown}
 m - a scroll of teleportation {unknown}
 r - a scroll of blinking {unknown}
Potions
 k - a potion of flight
 o - a potion of ambrosia {unknown}
 q - a potion of might {unknown}


   Skills:
 + Level 1.0 Fighting
 + Level 1.1 Staves
 + Level 2.4 Dodging
 + Level 2.5 Stealth
 + Level 2.2 Spellcasting
 * Level 4.5 Conjurations
 * Level 1.3 Hexes


You had one spell level left.
You knew the following spells:

 Your Spells              Type           Power      Damage    Failure   Level
a - Magic Dart            Conj           100%       1d8       2%          1
b - Searing Ray           Conj           60%        2d6       3%          2
c - Dazzling Flash        Conj/Hex       42%        N/A       14%         3

Your spell library contained the following spells:

 Spells                   Type           Power      Damage    Failure   Level
 Fulminant Prism          Conj/Hex       10%        3d9       41%         4
 Iskenderun's Mystic Bla  Conj/Tloc      17%        2d5       52%         4


Dungeon Overview and Level Annotations

Branches:
Dungeon (3/15)

Altars:

Shops:
D:1 !   D:3 [


Message History

The jackal closely misses you. x2
You hit the jackal but do no damage.
The jackal is heavily wounded.
The jackal barely misses you.
You barely miss the jackal.
The jackal is heavily wounded.
The jackal barely misses you. x2
You completely miss the jackal.
The jackal is heavily wounded.
The jackal barely misses you. The jackal bites you.
* * * LOW HITPOINT WARNING * * *
You closely miss the jackal.
The jackal is heavily wounded.
The jackal closely misses you.
You closely miss the jackal.
The jackal is heavily wounded.
You flicker for a moment.
The jackal bites you.
* * * LOW HITPOINT WARNING * * *
The jackal barely misses you.
You closely miss the jackal.
The jackal is heavily wounded.
The jackal bites you.
* * * LOW HITPOINT WARNING * * *
Unknown command.
You strike the helpless jackal from behind!
You hit the jackal.
The jackal is almost dead.
The jackal bites you.
* * * LOW HITPOINT WARNING * * *
The jackal barely misses you.
You barely miss the jackal.
The jackal is almost dead.
The jackal closely misses you.
The jackal bites you but does no damage.
You closely miss the jackal.
The jackal is almost dead.
You flicker back into view.
The jackal misses you. The worm bites you!
You die...

###..##..
####...†.#..
#.(..###.#w.
######.#### #.#..
##......# #.#..
##.....#.### #....
#.......∩..# ##..#
#.wh...#.#.######..
#.@...............#
#.........#########
#.........#
#.........#
#.........#
#....)....#
#..<......#
#.........#
##.......##


You could see a worm and a jackal.

Vanquished Creatures
  5 adders
  5 endoplasms
  A giant cockroach (D:2)
  4 hobgoblins
  3 jackals (D:3)
  A quokka (D:2)
  4 ball pythons
  6 bats
  2 frilled lizards
  5 goblins (D:1)
  2 kobolds (D:1)
  8 rats
46 creatures vanquished.

Notes
Turn   | Place    | Note
-------+----------+-------------------------------------------
     0 | D:1      | RascalDebosk the Human Conjurer began the quest for the
                  | Orb.
     0 | D:1      | Reached XP level 1. HP: 13/13 MP: 3/3
   402 | D:1      | Reached XP level 2. HP: 19/19 MP: 3/5
  1071 | D:1      | Learned a level 2 spell: Searing Ray
  1099 | D:1      | Found Emua's Distillery.
  1102 | D:1      | Bought a potion of curing for 33 gold pieces
  1102 | D:1      | Bought a potion of degeneration for 11 gold pieces
  1102 | D:1      | Bought a potion of flight for 33 gold pieces
  1175 | D:1      | Reached XP level 3. HP: 25/25 MP: 4/6
  1201 | D:1      | Learned a level 3 spell: Dazzling Flash
  2535 | D:2      | Reached XP level 4. HP: 26/31 MP: 5/7
  2725 | D:2      | Reached skill level 1 in Staves
  2730 | D:2      | Reached skill level 1 in Fighting
  2730 | D:2      | Reached skill level 1 in Hexes
  3136 | D:3      | Noticed an ice beast
  3197 | D:3      | Found Duher's Antique Armour Shop.
  3254 | D:3      | HP: 1/32 [adder (1)]
  3281 | D:3      | HP: 1/32 [jackal (1)]
  3283 | D:3      | Mangled by a worm

Illustrated notes

Levels and vault maps discovered:
D:1:      erik_arrival_cave_to_civilisation [erik_arrival_cave_to_temple],
          layout_basic, serial_shops, nicolae_shop_behind_doors,
          lemuel_another_geyser
D:2:      layout_loops_cross, minmay_quadrilaterals
D:3:      layout_rooms, serial_shops, nicolae_shop_crystal,
          hellmonk_ecumenical_altar_crossroads

Skill      XL: |  1  2  3  4 |
---------------+-------------+-----
Staves         | 1 |  1.1
Fighting       | 1 |  1.0
Hexes          | 1 |  1.3
Dodging        | |  2.4
Stealth        | |  2.5
Spellcasting   | |  2.2
Conjurations   | |  4.5

Action                   |  1- 3 |  4- 6 || total
-------------------------+-------+-------++-------
Melee: Club              |     7 |       ||     7
       Staff             |    33 |    25 ||    58
       Punch             |     2 |     1 ||     3
 Cast: Magic Dart        |    36 |    28 ||    64
       Searing Ray       |     2 |     1 ||     3
  Use: Potion            |       |     2 ||     2
 Stab: Sleeping          |     1 |       ||     1
       Invisible         |       |     1 ||     1
Armor: Robe              |    12 |     9 ||    21
Dodge: Dodged            |    34 |    56 ||    90
